 Dungeon Crawl Stone Soup version 0.27.0-1-g7a089689b8 (webtiles) character file.

Game seed: 5357166938791327790

87 hawla the Sneak (level 4, -5/28 HPs)
             Began as a Deep Elf Delver on Aug 5, 2021.
             Slain by a vampire (9 damage)
             ... on level 5 of the Dungeon.
             The game lasted 00:03:20 (424 turns).

hawla the Sneak (Deep Elf Delver)                    Turns: 424, Time: 00:03:20

Health: -5/28      AC:  3    Str:  9    XL:     4   Next: 28%
Magic:  6/6        EV: 12    Int: 16    God:
Gold:   34         SH:  0    Dex: 16    Spells: 3/3 levels left

rFire    . . .     SeeInvis .   a - +0 short sword
rCold    . . .     Faith    .   (no shield)
rNeg     . . .     Spirit   .   b - +0 leather armour
rPois    .         Reflect  .   (no helmet)
rElec    .         Harm     .   (no cloak)
rCorr    .         Rampage  .   (no gloves)
Will     .....                  (no boots)
Stlth    +++.......             (no amulet)
HPRegen  0.09/turn              (no ring)
MPRegen  0.10/turn              (no ring)

@: hasted, very quick
A: no striking features
a: no special abilities


You were on level 5 of the Dungeon.
You visited 1 branch of the dungeon, and saw 1 of its levels.

You collected 34 gold pieces.

Inventory:

Hand Weapons
 a - a +0 short sword (weapon)
Missiles
 h - 14 poisoned darts (quivered)
Armour
 b - a +0 leather armour (worn)
Jewellery
 k - an amulet of faith
Wands
 g - a wand of digging (3)
 i - a wand of flame (23)
Scrolls
 c - a scroll of fog
 d - a scroll of magic mapping
 e - a scroll of fear
Potions
 f - a potion of haste


   Skills:
 - Level 3.0 Fighting
 + Level 3.1 Short Blades
 + Level 0.7 Throwing
 + Level 3.2 Dodging
 - Level 6.0 Stealth
 - Level 0.1 Spellcasting
 - Level 0.1 Necromancy
 - Level 0.5 Invocations
 + Level 0.8 Evocations


You had 3 spell levels left.
You didn't know any spells.
Your spell library was empty.

Dungeon Overview and Level Annotations

Branches:
Dungeon (5/15)
 Temple: D:4-7

Altars:

Shops:
D:5 :


Message History

You feel clever.
You start resting.
You feel sick. x7
You are no longer poisoned.
You start resting.
You feel a little less clever now.
You start resting.
HP restored.
h - 15 poisoned darts (gained 1)
Found 6 gold pieces.
Throw: 15 darts (poison)
Press: ? - help, Q - select action, (/) - cycle Shift-Dir - straight line, f - vampire
Aim: a vampire (60% to hit)
You throw a poisoned dart.
The poisoned dart completely misses the vampire.
As you read the scroll labelled LEYWEGY XOSHI, it crumbles to dust.
It is a scroll of identify.
You don't have any unidentified items.
The vampire points at you and mumbles some strange words.
You resist with significant effort.
The vampire mumbles some strange words.
The vampire flickers and vanishes!
Deactivating autopickup; reactivate with Ctrl-A.
You open the door.
Found Ceuryis's Book Shop.
There is an open door here.
There is an entrance to Ceuryis's Book Shop here.
You can access your shopping list by pressing '$'.
You close the door.
You start waiting.
Something unseen opens the door.
Something hits you. Something bites you!
Something draws strength from your injuries!
There is an open door, spattered with blood here.
Okay, then.
You feel yourself speed up. Something hits you.
* * * LOW HITPOINT WARNING * * *
Something bites you.
* * * LOW HITPOINT WARNING * * *
Something draws strength from your injuries!
Something hits you!
You die...

#. # #. .. .. #. #.
$##.##.#########
.......#∩'@....# .
...$...###{....# #
.....{(.......(# #
...............#
...)....#......#
........#......#
#+(..♣♣♣..##+#############
# #.........## #......# #
#..)♣♣.♣...# #......# #


There were no monsters in sight!

Vanquished Creatures
  A scorpion (D:5)
  A jelly (D:5)
2 creatures vanquished.

Notes
Turn   | Place    | Note
-------+----------+-------------------------------------------
     0 | D:5      | hawla the Deep Elf Delver began the quest for the Orb.
     0 | D:5      | Reached XP level 1. HP: 13/13 MP: 3/3
    63 | D:5      | Noticed a jelly
    67 | D:5      | Killed a jelly
    68 | D:5      | Reached XP level 2. HP: 18/18 MP: 4/4
    68 | D:5      | Reached XP level 3. HP: 22/22 MP: 5/5
    98 | D:5      | Noticed a vampire
   136 | D:5      | Noticed a scorpion
   144 | D:5      | Killed a scorpion
   145 | D:5      | Reached XP level 4. HP: 13/28 MP: 6/6
   417 | D:5      | Found Ceuryis's Book Shop.
   424 | D:5      | Slain by a vampire

Illustrated notes

Levels and vault maps discovered:
D:5:      layout_basic, serial_shops, kennysheep_mini, minmay_misc_feat_tower,
          chequers_garden

Skill      XL: |  1  2  3 |
---------------+----------+-----
Dodging        | 3 |  3.2
Fighting       | 3 |  3.0
Short Blades   | 3 |  3.1
Throwing       | |  0.7
Stealth        | |  6.0
Spellcasting   | |  0.1
Necromancy     | |  0.1
Invocations    | |  0.5
Evocations     | |  0.8

Action                   |  1- 3 |  4- 6 || total
-------------------------+-------+-------++-------
Melee: Short sword       |     3 |       ||     3
Throw: Dart              |     3 |     1 ||     4
  Use: Potion            |     1 |     1 ||     2
       Scroll            |       |     1 ||     1
 Stab: Sleeping          |     1 |       ||     1
Dodge: Dodged            |     1 |       ||     1
